 Dungeon Crawl Stone Soup version 0.19-a0-45-g2c295ea (webtiles) character file.

39 M4edhros the Sneak (level 3, 0/23 HPs)
             Began as an Octopode Artificer on May 5, 2016.
             Succumbed to Sigmund's poison
             ... on level 2 of the Dungeon.
             The game lasted 00:01:20 (889 turns).

M4edhros the Sneak (Octopode Artificer)              Turns: 889, Time: 00:01:20

Health: 0/23       AC:  1    Str:  7 (10) XL:     3   Next: 45%
Magic:  5/5        EV: 12    Int: 11 (14) God:
Gold:   55         SH:  0    Dex: 10 (13) Spells: 0 memorised, 2 levels left

rFire  . . .     SeeInvis .     a - +0 short sword
rCold  . . .     Gourm    .     (no shield)
rNeg   . . .     Faith    .     (helmet restricted)
rPois  .         Spirit   .     (no amulet)
rElec  .         Dismiss  .     g - ring of resist corrosion
rCorr  +         Reflect  .     (no ring)
SustAt .         Harm     .     (no ring)
MR     .....                    (no ring)
Stlth  ++++......               (no ring)
                                (no ring)
                                (no ring)
                                (no ring)

@: lethally poisoned (0 -> -16), not resistant to hostile enchantments, stealthy
A: almost no armour, amphibious, 8 rings, constrict 8, camouflage 1, gelatinous
body 1
a: no special abilities


You were on level 2 of the Dungeon.
You were not hungry.

You visited 1 branch of the dungeon, and saw 2 of its levels.

You collected 55 gold pieces.

Inventory:

Hand Weapons
 a - a +0 short sword (weapon)
Jewellery
 g - a ring of resist corrosion (left tentacle)
Wands
 b - a wand of flame (15/48)
 c - a wand of enslavement (15/24)
 d - a wand of random effects (15/48)
Scrolls
 h - a scroll of identify {unknown}
Potions
 e - 2 potions of degeneration
Comestibles
 f - 2 bread rations
 i - a beef jerky


   Skills:
 - Level 1.0 Fighting
 - Level 1.0 Short Blades
 - Level 2.0 Dodging
 + Level 4.7 Stealth
 - Level 3.2 Evocations


You had 2 spell levels left.
You didn't know any spells.

Dungeon Overview and Level Annotations

Branches:
Dungeon (2/15)

Altars:
Trog

Annotations:
D:2 Sigmund


Innate Abilities, Weirdness & Mutations

You cannot wear most types of armour.
You are amphibious.
You can wear up to eight rings at the same time.
You can use your tentacles to constrict eight enemies at once.
Your skin changes colour to match your surroundings (Stealth).
Your rubbery body absorbs attacks (AC +1).


Message History

You closely miss Sigmund. Your grab misses Sigmund.
Sigmund is lightly wounded.
Sigmund hits you with a scythe of venom!
Ouch! That really hurt!
You are lethally poisoned!
You are too injured to fight recklessly!
Drink which item? (? for menu, Esc to quit)
It was a potion of degeneration.
There was something very wrong with that liquid.
You feel weakened.
You feel dopey.
You feel clumsy.
You feel sick. The kobold hits you with a club.
* * * LOW HITPOINT WARNING * * *
Sigmund closely misses you.
* * * LOW HITPOINT WARNING * * *
You feel sick.
* * * LOW HITPOINT WARNING * * *
You feel sick. Sigmund casts a spell at you. The puff of flame hits you!
* * * LOW HITPOINT WARNING * * *
You die...

#..........#
#..........#
#..........# ###
###..........### ...
......@......... ###
#..........#
#......K...# #
#..........# #
#.......@..# #
#####.....## # #
#.###..# #
#.....#..#####.# # #
#.###.#......... #
#####.....#...#####.#.
# ###.....###.#..## #
#.#.......#....# #
#.#...###.#....#


You could see Sigmund and a kobold.

Vanquished Creatures
  An adder (D:2)
  An ooze (D:1)
  6 bats (D:1)
  2 giant cockroaches (D:1)
  2 goblins (D:1)
  4 hobgoblins (D:1)
  2 kobolds (D:1)
  A giant newt (D:1)
  4 rats (D:1)
23 creatures vanquished.

Notes
Turn   | Place    | Note
--------------------------------------------------------------
     0 | D:1      | M4edhros the Octopode Artificer began the quest for the Orb.
     0 | D:1      | Reached XP level 1. HP: 13/13 MP: 3/3
    97 | D:1      | Reached skill level 2 in Stealth
   140 | D:1      | Reached skill level 3 in Stealth
   140 | D:1      | Reached XP level 2. HP: 17/18 MP: 4/4
   326 | D:1      | Reached skill level 4 in Stealth
   378 | D:1      | Reached XP level 3. HP: 23/23 MP: 5/5
   849 | D:2      | Found a bloodstained altar of Trog.
   879 | D:2      | Noticed Sigmund
   888 | D:2      | HP: 1/23 [Sigmund/puff of flame (2)]
   889 | D:2      | Succumbed to Sigmund's poison

Vault maps used:
D:1:      scummos_arrival_gate
D:2:      bloody_trog, lemuel_round_altar, hangedman_abyss_or_decor_stabs,
          kennysheep_generic_room_5, uniq_sigmund

Skill      XL: |  1  2 |
---------------+-------+-----
Stealth        | 3 4 |  4.7
Fighting       | |  1.0
Short Blades   | |  1.0
Dodging        | |  2.0
Evocations     | |  3.2

Action                   || total
-------------------------++-------
Melee: Short sword       ||    43
       Constrict         ||     6
       Tentacles         ||     1
  Use: Potion            ||     1
 Stab: Sleeping          ||    12
Armor: Skin              ||     8
Dodge: Dodged            ||    28
